 Dungeon Crawl Stone Soup version 0.30-a0-305-g026cb31310 (webtiles) character file.

Game seed: 8283481829929807603

486 LnG the Covert (level 7, -1/35 (38) HPs)
             Began as a Kobold Summoner on Oct 21, 2022.
             Slain by a wight
             ... wielding a +5 mace
              (4 damage)
             ... on level 5 of the Dungeon.
             The game lasted 00:10:36 (3880 turns).

LnG the Covert (Kobold Summoner)                    Turns: 3880, Time: 00:10:36

HP:   -1/35 (38)    AC:  5    Str:  6    XL:     7   Next: 35%
MP:   3/3           EV: 15    Int: 18    God:
Gold: 273           SH:  0    Dex: 18    Spells: 4/10 levels left

rFire   . . .      SeeInvis +    k - +6 short sword of Fedhas's Supremacy {antimagic, Str+3}
rCold   . . .      Faith    .    (no shield)
rNeg    + . .      Spirit   .    l - +1 robe of the Jumping Gods {rN+ Str-2 Dex+2 SInv}
rPois   .          Reflect  .    (no helmet)
rElec   .          Harm     .    a - +0 cloak
rCorr   .          Rampage  .    (no gloves)
Will    .....                    j - +0 pair of boots
Stlth   +++++.....               (no amulet)
HPRegen 0.25/turn                p - +4 ring of slaying
MPRegen 0.08/turn                (no ring)

@: drained
A: small, no large weapons, nightstalker 3
a: no special abilities


You were on level 5 of the Dungeon.
You visited 1 branch of the dungeon, and saw 5 of its levels.

You collected 273 gold pieces.

Inventory:

Hand Weapons
 d - a +1 dagger of protection
 k - the +6 short sword of Fedhas's Supremacy (weapon) {antimagic, Str+3}
   (You found it on level 2 of the Dungeon)

   It reduces the magical energy of the wielder, and disrupts the spells and
   magical abilities of those it strikes.
   Natural abilities and divine invocations are not affected.
   Str:       It affects your strength (+3).
 u - a +2 dagger of venom
Armour
 a - a +0 cloak (worn)
 j - a +0 pair of boots (worn)
 l - the +1 robe of the Jumping Gods (worn) {rN+ Str-2 Dex+2 SInv}
   (You found it on level 2 of the Dungeon)

   Str:       It affects your strength (-2).
   Dex:       It affects your dexterity (+2).
   rN:        It protects you from negative energy.
   SInv:      It lets you see invisible.
Jewellery
 p - a +4 ring of slaying (left hand)
Scrolls
 e - a scroll of fear
 i - 2 scrolls of magic mapping
 m - a scroll of summoning
 r - a scroll of poison
Potions
 b - a potion of magic
 f - 2 potions of berserk rage
 g - a potion of degeneration {unknown}
 h - a potion of resistance {unknown}
 o - a potion of heal wounds
 q - 2 potions of haste {unknown}
 s - a potion of attraction {unknown}
 t - a potion of ambrosia {unknown}


   Skills:
 + Level 1.2 Fighting
 + Level 3.2 Short Blades
 + Level 3.0 Dodging
 * Level 8.7 Stealth
 + Level 2.3 Spellcasting
 * Level 4.7 Summonings


You had 4 spell levels left.
You knew the following spells:

 Your Spells              Type           Power      Damage    Failure   Level
a - Summon Small Mammal   Summ           76%        N/A       2%          1
b - Call Imp              Summ           19%        N/A       3%          2
c - Call Canine Familiar  Summ           19%        N/A       8%          3

Your spell library contained the following spells:

 Spells                   Type           Power      Damage    Failure   Level
 Beastly Appendage        Tmut           4%         N/A       17%         1
 Shock                    Conj/Air       8%         1d3       17%         1
 Summon Guardian Golem    Hex/Summ       10%        N/A       21%         3
 Ensorcelled Hibernation  Hex/Ice        4%         N/A       26%         2
 Wereblood                Tmut           2%         N/A       26%         2
 Spider Form              Tmut/Pois      2%         N/A       45%         3
 Swiftness                Air            2%         N/A       45%         3
 Vhi's Electric Charge    Tloc/Air       4%         N/A       45%         3
 Summon Lightning Spire   Summ/Air       10%        N/A       54%         4
 Airstrike                Air            1%         2d(1-17)  86%         4
 Anguish                  Hex/Necr       1%         N/A       86%         4
 Arcjolt                  Conj/Air       1%         1d11      99%         5
 Maxwell's Capacitive Co  Air            1%         ∞         100%        8


Dungeon Overview and Level Annotations

Branches:
Dungeon (5/15)
 Temple: D:4-7

Altars:
Fedhas
Okawaru
Yredelemnul

Annotations:
D:3 3 runed translucent doors, lunkers's ghost, amateur MeEE


Innate Abilities, Weirdness & Mutations

You are small and have problems with some larger weapons.
You are completely attuned to the shadows.


Message History

As you read the scroll of identify, it crumbles to dust.
f - 2 potions of berserk rage
There is a stone staircase leading down here.
As you read the scroll of enchant weapon, it crumbles to dust.
Your +1 dagger of venom glows red for a moment.
You climb downwards.
There is a stone staircase leading up here.
There is a stone staircase leading down here.
You climb downwards.
There is a stone staircase leading up here.
Found an escape hatch in the floor.
Found a stone staircase leading up.
A quokka comes into view.
The helpless quokka fails to defend itself.
You impale the quokka!!
You kill the quokka!
A hound comes into view.
A wight comes into view. It is wielding a +5 mace.
The helpless hound fails to defend itself.
You stick the hound like a pincushion!!!
You kill the hound!
You hit the wight but do no damage. The wight hits you with a +5 mace!
You hit the wight.
The wight is moderately damaged.
A wight comes into view. It is wielding a +1 spear.
The wight hits you with a +5 mace! You partially resist.
You feel drained.
You are too injured to fight recklessly!
You puncture the wight!
The wight is severely damaged.
The wight barely misses you.
You hit the wight. Your punch misses the wight.
The wight is severely damaged.
A wight comes into view. It is wielding a +4 scimitar.
The wight hits you with a +5 mace. You partially resist.
You feel drained. The wight attacks as you move away!
The wight hits you with a +5 mace!
* * * LOW HITPOINT WARNING * * *
You partially resist.
You feel drained.
* * * LOW HITPOINT WARNING * * *
The wight attacks as you move away! The wight hits you with a +5 mace.
You die...

###......###.......
+........>.........
####...#####.#####.
##.## #.# . #.# #.#
.###### #.# #.#
#.z.†.# #.# #.#
#....z###.#
#...z.@...#
#.....##### .......
..#.##.# #.


You could see 3 wights.

Vanquished Creatures
  Blork the orc (D:4)
  3 hounds
  A jelly (D:4)
  An orc priest (D:3)
  Jessica (D:2)
  Natasha (thrice) (D:4)
  4 gnolls (D:4)
  4 adders
  3 worms (D:2)
  2 dart slugs
  3 orcs (D:3)
  8 endoplasms
  5 giant cockroaches
  10 goblins
  2 hobgoblins (D:3)
  2 jackals (D:1)
  5 kobolds
  3 quokkas
  9 ball pythons
  A ball python zombie (D:3)
  4 bats
  2 frilled lizards
  A giant cockroach zombie (D:3)
  4 rats
82 creatures vanquished.

Vanquished Creatures (collateral kills)
  A dart slug (D:1)
  A giant cockroach (D:4)
2 creatures vanquished.

Vanquished Creatures (others)
  2 fungi (D:4)
2 creatures vanquished.

Grand Total: 86 creatures vanquished

Notes
Turn   | Place    | Note
-------+----------+-------------------------------------------
     0 | D:1      | LnG the Kobold Summoner began the quest for the Orb.
     0 | D:1      | Reached XP level 1. HP: 10/10 MP: 3/3
   170 | D:1      | Reached skill level 3 in Stealth
   170 | D:1      | Reached XP level 2. HP: 15/15 MP: 5/5
   173 | D:1      | Learned a level 2 spell: Call Imp
   548 | D:1      | Found a faded altar of an unknown god.
   594 | D:1      | Reached XP level 3. HP: 18/19 MP: 6/6
   598 | D:1      | Learned a level 3 spell: Call Canine Familiar
  1120 | D:2      | Reached skill level 1 in Short Blades
  1120 | D:2      | Reached skill level 4 in Stealth
  1202 | D:2      | Identified the +6 short sword of Fedhas's Supremacy
                  | {antimagic, Str+3}
  1222 | D:2      | Identified the +1 robe of the Jumping Gods {rN+ Str-2 Dex+2
                  | SInv}
  1319 | D:2      | Reached XP level 4. HP: 24/24 MP: 2/7
  1336 | D:2      | Noticed Jessica
  1339 | D:2      | Killed Jessica
  1340 | D:2      | Reached skill level 5 in Stealth
  1848 | D:2      | Reached XP level 5. HP: 28/28 MP: 2/8
  2296 | D:3      | Found a runed translucent gate.
  2297 | D:3      | Found a runed translucent gate.
  2297 | D:3      | Noticed lunkers's ghost (amateur MeEE)
  2298 | D:3      | Found a runed translucent gate.
  2299 | D:3      | Found a basalt altar of Yredelemnul.
  2428 | D:3      | Found a blossoming altar of Fedhas.
  2509 | D:3      | Reached skill level 6 in Stealth
  2944 | D:4      | Reached XP level 6. HP: 33/33 MP: 3/9
  2954 | D:4      | Reached skill level 7 in Stealth
  3014 | D:4      | Noticed Blork the orc
  3026 | D:4      | Killed Blork the orc
  3027 | D:4      | Reached skill level 1 in Fighting
  3102 | D:4      | Noticed Natasha
  3107 | D:4      | Killed Natasha
  3154 | D:4      | Reached skill level 8 in Stealth
  3186 | D:4      | Reached XP level 7. HP: 38/38 MP: 3/10
  3225 | D:4      | Found an iron altar of Okawaru.
  3421 | D:4      | Noticed Natasha
  3427 | D:4      | Killed Natasha
  3551 | D:4      | Noticed Natasha
  3556 | D:4      | Killed Natasha
  3698 | D:5      | Entered Level 5 of the Dungeon
  3880 | D:5      | Slain by a wight

Illustrated notes

Levels and vault maps discovered:
D:1:      zaba_arrival_water, layout_basic,
          hellmonk_ecumenical_altar_defaced_shrine, glass_columns_b,
          minmay_hexomino_p4
D:2:      layout_basic, nicolae_figureground_sparkle, uniq_jessica
D:3:      layout_basic, nicolae_yredelemnul_ghost_church, fedhas_altar_2
D:4:      layout_rooms, nicolae_overflow_hidden_temple, dreamdust_gnoll_farm,
          uniq_blork_the_orc, uniq_natasha
D:5:      layout_loops_corners, lemuel_temple_firewalk_a, serial_shops, shop,
          nicolae_shop_dragon_depot, nicolae_grassy_gnolls

Skill      XL: |  1  2  3  4  5  6  7 |
---------------+----------------------+-----
Stealth        | 3 4 5 6 8 |  8.7
Short Blades   | 1 2 3 |  3.2
Fighting       | 1 |  1.2
Dodging        | 3 |  3.0
Spellcasting   | |  2.3
Summonings     | |  4.7

Action                   |  1- 3 |  4- 6 |  7- 9 || total
-------------------------+-------+-------+-------++-------
Melee: Dagger            |    66 |       |       ||    66
       Short sword       |     6 |    84 |    25 ||   115
       Punch             |       |     1 |       ||     1
 Cast: Call Imp          |     2 |       |       ||     2
       Call Canine Famil |       |     1 |       ||     1
  Use: Potion            |       |     1 |       ||     1
       Scroll            |       |       |     7 ||     7
 Stab: Sleeping          |    13 |    16 |     3 ||    32
       Distracted        |       |     1 |       ||     1
Armor: Robe              |     9 |     7 |       ||    16
Dodge: Dodged            |    38 |    45 |    11 ||    94

Table legend: (Time is in decaauts)
 A = Elapsed time spent in this place.
 B = Non-inter-level travel time spent in this place.
 C = Inter-level travel time spent in this place.
 D = Time resting spent in this place.
 E = Time spent auto-exploring this place.
 F = Levels seen in this place.
 G = Mean time per level.
                   A        B        C        D        E       F      G
               +--------+--------+--------+--------+--------+-----+--------+
         Total |   3913 |   3648 |    265 |    184 |   2825 |   5 |  782.6 |
       Dungeon |   3913 |   3648 |    265 |    184 |   2825 |   5 |  782.6 |
               +--------+--------+--------+--------+--------+-----+--------+

Top non-repeatable levels by time:
     D:2: 1128 daAuts
     D:1: 1041 daAuts
     D:4: 852 daAuts
     D:3: 791 daAuts
     D:5: 99 daAuts
